[Event "Czech Extraliga 2024-25"]
[Site "Czechia"]
[Date "2024.11.03"]
[Round "2.2"]
[White "Michalik, Peter"]
[Black "Nasuta, Grzegorz"]
[Result "1/2-1/2"]
[ECO "D12"]
[WhiteElo "2562"]
[BlackElo "2543"]
[Annotator "TA"]
[PlyCount "65"]
[EventDate "2024.09.12"]
[EventType "team-tourn"]
[EventCountry "CZE"]
[SourceTitle "playchess.com"]
[Source "ChessBase"]
[SourceQuality "1"]
[TimeControl "40/5400+30:1800+30"]

1. d4 d5 2. c4 c6 3. Nf3 Nf6 4. e3 Bf5 5. Nc3 e6 6. Nh4 Be4 7. f3 Bg6 8. Bd2 Be7 9. Nxg6 hxg6 {[%emt 0:00:07] White is slightly better.} 10. Qc2 Nbd7 11. O-O-O a6 12. Kb1 dxc4 $1 13. Bxc4 c5 14. g4 Nb6 15. Bxe6 {[%emt 0:02:36][%cal Od4c5] [#] Black must now prevent dxc5!} cxd4 16. g5 dxc3 (16... fxe6 17. Qxg6+ (17. gxf6 d3 $14) 17... Kd7 18. gxf6 Bxf6 19. exd4 $18) 17. gxf6 Bxf6 18. Bxc3 Qc7 19. Bb3 (19. Bxf6 {simplifies} Qxc2+ 20. Kxc2 gxf6 21. Bb3) 19... Bxc3 20. Rd4 {[%emt 0:00:12] [#]} (20. Qxc3 {simplifies} Qxc3 21. bxc3 Rh3 22. Rd6) 20... Rd8 21. Qe4+ $14 Kf8 22. Rxd8+ Qxd8 23. Qxb7 (23. bxc3 Rh4 24. Qxb7 Qd3+ 25. Kb2 Qd2+ 26. Ka1 Qxc3+ (26... Rxh2 27. Qxf7#) 27. Kb1 Qd3+ (27... Qxe3 28. Qxf7#) 28. Ka1 Qc3+ (28... Qxe3 29. Qxf7#) 29. Kb1 Qd3+ (29... Qxe3 30. Qxf7#) 30. Ka1 Qc3+ $11 (30... Qxe3 31. Qxf7#)) 23... Qd3+ 24. Bc2 $1 {[%emt 0:01:30] Really sharp!} ({Much weaker is} 24. Ka1 Bxb2+ 25. Kxb2 Qd2+ 26. Kb1 Qd3+ 27. Kc1 Qxe3+ 28. Kb1 Qd3+ 29. Kc1 Qc3+ 30. Kb1 Qd3+ 31. Bc2 Qb5+ 32. Bb3 Qd3+ $11) 24... Qxe3 (24... Qb5 $14 {is more appropriate.} 25. Qb8+ Ke7 26. Qc7+ (26. Qxh8 $2 Qxb2#) 26... Nd7 27. Qxc3 Rh5) 25. Qb8+ ({White should play} 25. bxc3 $16 {Qb8+ would now be deadly.} Rh5 26. Rd1 (26. Qb8+ Qe8 $11)) 25... Qe8 26. Qxb6 Bf6 27. Qxa6 Kg8 28. Be4 (28. Qa4 $5 Qe7 29. Qa6 $17) 28... Qe5 29. Qc8+ Kh7 {[%emt 0:00:05][%csl Gf6][%cal Re5b2] The position is equal.} 30. Qh3+ Kg8 31. Qg2 Rh5 32. Qc2 Qb8 $1 {[%emt 0:01:09][%cal Oh5c5] ...Rc5! is the strong threat.} 33. Bd3 {[%emt 0:05:06] Weighted Error Value: White=0.09 (flawless) /Black=0.10 (very precise) .  Mistake:       	White=1     	Black=2      Inaccurate:     	White=2     	Black=1      OK:         	White=9     	Black=11     Best:        	White=2     	Black=4      Strong:       	White=1     	Black=2} 1/2-1/2

[Event "Czech Extraliga 2024-25"]
[Site "Czechia"]
[Date "2024.11.03"]
[Round "2.2"]
[White "Blohberger, Felix"]
[Black "Smolik, Jachym"]
[Result "0-1"]
[ECO "D02"]
[WhiteElo "2536"]
[BlackElo "2278"]
[Annotator "TA"]
[PlyCount "96"]
[EventDate "2024.09.12"]
[EventType "team-tourn"]
[EventCountry "CZE"]
[SourceTitle "playchess.com"]
[Source "ChessBase"]
[SourceQuality "1"]
[TimeControl "40/5400+30:1800+30"]

1. Nf3 d5 2. g3 Nd7 3. d4 Nb6 4. a4 a5 5. Qd3 g6 6. e4 dxe4 7. Qxe4 Nf6 8. Qe2 {[%emt 0:00:20] White is slightly better.} Bg7 9. Bg2 O-O 10. O-O c6 11. c4 Be6 12. b3 Nc8 13. Bb2 Re8 14. h3 Qb6 15. Nbd2 Qa6 (15... Nd7 $16 16. Rfe1 Qc7) 16. Ne5 $18 Nd6 17. g4 Rad8 18. Rae1 Nd7 19. f4 Nf8 20. Kh1 f6 21. Nd3 Bf7 (21... Bc8 $16 22. Nf3 Nf7) 22. Nc5 Qa7 23. f5 {[%emt 0:03:42] Ne6 is the strong threat.} e6 24. fxg6 hxg6 (24... Bxg6 $16 {keeps fighting.} 25. Qe3 f5) 25. Nd3 g5 $2 (25... Re7 26. c5 Ne8) 26. c5 Nc8 27. Ne4 Nh7 28. Rf3 (28. h4 $142) 28... Bg6 29. Qf2 Rf8 (29... Qb8 $16 {is a better defense.} 30. Bc3 Rd7) 30. Nd2 e5 31. Ne4 exd4 32. Bxd4 Rxd4 $2 (32... Qb8 $16) 33. Qxd4 f5 34. Ne5 (34. Qc4+ Bf7 35. Qc1 fxe4 36. Rxe4 Qb8 $14 (36... Bxb3 37. Rxf8+ Kxf8 38. Ne5 $16)) 34... Bxe5 35. Qxe5 Re8 {[%emt 0:00:13] [#]} 36. Qd4 fxe4 {[%emt 0:00:05] [#]} 37. Rf6 Nxf6 $19 38. Qxf6 {[%emt 0:00:06] [#]} Kh7 ({And not} 38... Ne7 39. Qxg5 Qb8 40. Rxe4 $11) 39. Qxg5 Qb8 40. Rd1 {[%emt 0:00:32] [#] Black must now prevent h4.} Qc7 $1 41. Qh4+ Kg7 {[%emt 0:11:41] Hoping for ...Qe5.} 42. g5 Rh8 {[%emt 0:01:08] Prevents Qh6+} 43. Qg4 {[%emt 0:00:09] Strongly threatening Rd7+.} Qe5 {[%emt 0:03:11][%cal Og6f5] ...Bf5! would now be deadly.} 44. Rd7+ Ne7 {[%emt 0:00:03] Threatens to win with ...e3.} 45. Rxb7 e3 {[%emt 0:03:26] ( -> ...e2)} ({Weaker is} 45... Qxc5 46. Qe6 Re8 (46... Qc1+ 47. Kh2 $11) 47. Qf6+ Kg8 48. Kh2 $11) 46. Qd7 Re8 {[%emt 0:00:38] Black mates.} 47. Qd1 e2 48. Qe1 Rd8 {[%emt 0:00:37] Weighted Error Value: White=0.80/Black=0.20 (precise) .  Loses game:     	---       	Black=1      Missed win:     	White=1     	---        Mistake:       	White=1     	Black=5      Inaccurate:     	White=1     	Black=3      OK:         	White=16    	Black=16     Best:        	---       	Black=3      Strong:       	---       	Black=1} 0-1

[Event "Czech Extraliga 2024-25"]
[Site "Czechia"]
[Date "2024.11.03"]
[Round "2.2"]
[White "Gloser, David"]
[Black "Dardha, Daniel"]
[Result "0-1"]
[ECO "B25"]
[WhiteElo "2332"]
[BlackElo "2606"]
[Annotator "TA"]
[PlyCount "92"]
[EventDate "2024.09.12"]
[EventType "team-tourn"]
[EventCountry "CZE"]
[SourceTitle "playchess.com"]
[Source "ChessBase"]
[SourceQuality "1"]
[TimeControl "40/5400+30:1800+30"]

1. e4 c5 2. Nc3 a6 3. a4 Nc6 4. g3 g6 5. Bg2 Bg7 6. d3 Nf6 7. f4 d6 8. Nf3 O-O 9. O-O Rb8 10. h3 b5 11. axb5 axb5 12. Be3 Nd7 {[%emt 0:02:31] Black has an edge.} 13. Rb1 e6 14. g4 b4 15. Ne2 Bb7 16. Ng3 Nd4 17. f5 exf5 {[%emt 0:05:11] Black is more active.} 18. gxf5 d5 19. Nxd4 cxd4 20. Bf4 Rc8 21. Qd2 (21. exd5 Nb6 22. Qd2 Nxd5 $17) 21... dxe4 22. Nxe4 Bxe4 23. Bxe4 Nf6 24. fxg6 hxg6 25. Rbe1 Nxe4 26. Rxe4 Qd5 27. b3 Rfe8 28. Rxe8+ Rxe8 29. Re1 Rc8 30. Rf1 Qh5 31. Kh2 Be5 {[%emt 0:01:34] Threatens to win with ...Bxf4+.} 32. Rf2 Re8 33. Bxe5 Qxe5+ $11 {[%emt 0:00:04][%mdl 4096] Endgame. KQR-KQR} 34. Qf4 Qd5 $36 {[%emt 0:00:09][%mdl 2048] Black is more active.} 35. Kg3 (35. h4 $5) 35... Re1 (35... Re3+ {with more complications.} 36. Kh2 Re1 37. Rg2 Qd7) 36. Rf1 {[%emt 0:00:19][%mdl 8192] Loses the game.} (36. Rf3 $11) 36... Rxf1 $19 37. Qxf1 {[%emt 0:00:04] KQ-KQ} Qg5+ 38. Kh2 {[%emt 0:01:02] [#]} Qd2+ 39. Kh1 Qxc2 40. Qf4 Qxd3 41. Qb8+ Kg7 (41... Kh7 $142 42. Qd6 Qf1+ (42... Qxh3+ $2 43. Kg1 $19) (42... Qxb3 $2 43. Kg1 $19) 43. Kh2 d3 44. h4 Qf2+ 45. Kh1 d2 (45... Qxh4+ {gets mated.} 46. Kg2 Qg4+ 47. Kh1 Qe4+ 48. Kh2 Qe2+ 49. Kg3 d2 50. Qd7 Qe1+ 51. Kf4 Qf1+ 52. Ke5 d1=Q 53. Qxd1 Qxd1 54. Ke4 Kg7 55. Kf4 Qd3 56. Ke5 f6+ 57. Kf4 g5+ 58. Kg4 Kh7 59. Kh5 Qh3#) 46. Qd3 Qe1+ (46... Qxh4+ {is a self mate.} 47. Kg2 Qe1 48. Qh3+ Kg7 49. Qg4 d1=Q 50. Qxd1 Qxd1 51. Kf2 Qxb3 52. Kg2 Qe3 53. Kh2 b3 54. Kh1 b2 55. Kg2 b1=Q 56. Kh2 Qbg1#) 47. Kg2 d1=Q (47... d1=B $2 48. Qd4 $19) 48. Qxd1 Qxd1 49. Kg3 Qd3+ (49... Qxb3+ 50. Kf2 Qe6 51. Kf3 b3 52. Kg3 b2 53. Kh2 b1=Q 54. h5 Qe2+ 55. Kg3 Qg1+ 56. Kh4 Qxh5#) 50. Kg2 f5 (50... Qxb3 51. Kf2 Qd3 52. Kg2 b3 53. h5 b2 54. hxg6+ Kxg6 55. Kh2 b1=Q 56. Kg2 Qbf1+ 57. Kh2 Qdh3#) 51. Kh2 f4 (51... Qxb3 52. Kg2 Qe3 53. Kh2 Qf2+ 54. Kh1 b3 55. h5 b2 56. hxg6+ Kh6 57. g7 b1=Q#) 52. Kg1 Qg3+ (52... Qxb3 {leads to mate.} 53. Kh1 Qg3 54. h5 f3 55. hxg6+ Qxg6 56. Kh2 Qg2#) 53. Kf1 f3 (53... Qxh4 54. Ke2 Qg3 55. Kd2 f3 56. Ke3 f2+ 57. Kd4 Qd6+ 58. Ke4 f1=Q 59. Ke3 Qdf4#) 54. h5 Qg2+ 55. Ke1 Qe2#) 42. Qxb4 Qxh3+ 43. Kg1 Qc3 (43... Qe3+ $142 44. Kf1 d3) 44. Qb8 d3 {[%emt 0:00:43] Black mates.} 45. Kf2 Qd4+ 46. Ke1 Qe3+ {[%emt 0:00:05] Weighted Error Value: White=0.75/Black=0.26 (precise) .  Loses game:     	White=1     	---        Inaccurate:     	White=2     	Black=2      OK:         	White=10    	Black=13     Best:        	White=1     	Black=1} 0-1

[Event "Czech Extraliga 2024-25"]
[Site "Czechia"]
[Date "2024.11.03"]
[Round "2.3"]
[White "Kempinski, Robert"]
[Black "Haring, Filip"]
[Result "1-0"]
[ECO "D28"]
[WhiteElo "2560"]
[BlackElo "2483"]
[Annotator "TA"]
[PlyCount "49"]
[EventDate "2024.09.12"]
[EventType "team-tourn"]
[EventCountry "CZE"]
[SourceTitle "playchess.com"]
[Source "ChessBase"]
[SourceQuality "1"]
[TimeControl "40/5400+30:1800+30"]

1. d4 Nf6 2. c4 e6 3. Nf3 d5 4. e3 dxc4 5. Bxc4 a6 6. Qe2 c5 7. dxc5 Bxc5 8. O-O O-O 9. e4 Nc6 10. e5 Nd5 11. Bd3 {[%emt 0:06:23][%cal Od3h7] Bxh7+! would now be deadly.} Be7 12. Qe4 {[%emt 0:06:17][%csl Gd3][%cal Re4h7] White is slightly better.} f5 13. exf6 Nxf6 14. Qe2 e5 15. Rd1 {[%emt 0:09:42] Threatens to win with Bc4+.} Nd4 16. Qxe5 Nxf3+ 17. gxf3 {[%emt 0:00:08] aiming for Bc4+.} Kh8 18. Nc3 {[%emt 0:01:21][%cal Od3h7] And now Bxh7! would win.} Bd6 (18... Bd7 $11 {keeps the balance.}) 19. Qg5 $16 {[%emt 0:00:45] White has more active pieces.} Be6 20. Qh4 Qc7 21. Bg5 Rae8 (21... Qf7 $14) 22. Rac1 $40 {[%emt 0:06:08][%mdl 128] White wants a kill.} Qf7 {[%emt 0:02:39] [#]} 23. Ne4 $1 Be5 {[%emt 0:00:52] [#]} 24. f4 $1 Nxe4 $2 (24... Bxb2 $16 {might work better.} 25. Nd6 Qg8) 25. Bxe4 {[%emt 0:00:29] Weighted Error Value: White=0.03 (flawless) /Black=0.36.  Loses game:     	---       	Black=1      Mistake:       	---       	Black=2      Inaccurate:     	---       	Black=1      OK:         	White=6     	Black=6      Best:        	White=2     	Black=1      Strong:       	White=2     	---} 1-0

[Event "Czech Extraliga 2024-25"]
[Site "Czechia"]
[Date "2024.11.03"]
[Round "2.3"]
[White "Bernadskiy, Vitaliy"]
[Black "Anton Guijarro, David"]
[Result "1/2-1/2"]
[ECO "A14"]
[WhiteElo "2543"]
[BlackElo "2671"]
[Annotator "TA"]
[PlyCount "103"]
[EventDate "2024.09.12"]
[EventType "team-tourn"]
[EventCountry "CZE"]
[SourceTitle "playchess.com"]
[Source "ChessBase"]
[SourceQuality "1"]
[TimeControl "40/5400+30:1800+30"]

1. c4 e6 2. g3 d5 3. Bg2 c6 4. Nf3 Nf6 5. b3 Be7 6. O-O O-O 7. Bb2 b6 {[%emt 0:01:17] is cutting edge theory.} 8. d3 Bb7 9. Nbd2 {[%emt 0:02:00] A14: English Opening: 1...e6 with b3 by White.} c5 10. cxd5 exd5 11. Nh4 g6 $146 ({Predecessor:} 11... Nc6 12. Nf5 d4 13. e3 Qd7 14. Nxe7+ Qxe7 15. Re1 dxe3 16. Rxe3 Qd8 17. Qf3 Na5 18. Bxf6 Qxf6 19. Qxf6 gxf6 {0-1 Sundararajan,K (2449)-Sengupta,D (2558) IND-ch 48th New Delhi 2010 (13)}) 12. d4 a5 13. Rc1 Re8 14. dxc5 bxc5 15. Nb1 a4 16. bxa4 Nbd7 17. Nc3 Nb6 18. Ba1 Bc6 19. Qd2 Qd7 (19... Qd6 $15) 20. e3 (20. Nf3 $5 Qe6 (20... Nxa4 $2 21. Ne5 $18) 21. Ne5 Qxe5 22. Nxd5 Qxd5 (22... Qe6 23. Nc7 $11) 23. Bxd5 Nbxd5 24. a5 $15) 20... Nxa4 21. Nf3 Qd6 22. Nxa4 (22. Ne5 $5 Nxc3 (22... Qxe5 23. Nxa4 Ne4 24. Bxe4 $16) 23. Nxc6 $11) 22... Rxa4 23. Ne5 Ba8 24. Rfd1 {[%emt 0:01:01] [#]} ({White should try} 24. Nd3 $11) 24... d4 (24... Qa6 $1 $15) 25. Bxa8 (25. Qc2 $1 $14 {might be stronger.} Qa6 26. Qb3 (26. exd4 Bxg2 27. Kxg2 c4 $14)) 25... Rexa8 $11 26. exd4 Rxa2 27. Qf4 Qe6 28. Re1 (28. dxc5 $5 Bxc5 29. Nd3 $14) 28... Nd5 29. Qf3 Bg5 30. Rcd1 Bd2 31. Rf1 R8a3 32. Rxd2 Rxf3 ({Of course not} 32... Rxa1 33. Rd3 Rxf1+ 34. Kxf1 $11) 33. Rxa2 Rf5 34. dxc5 Rxe5 35. Ra8+ $1 Kg7 36. f4 $1 Qc6 37. Bxe5+ Kh6 38. Ra5 Ne3 39. Rf2 Qd5 40. h3 Qd1+ 41. Kh2 Nf1+ 42. Kg2 Ne3+ 43. Kh2 Nf1+ 44. Rxf1 (44. Kg2 $11 {keeps the balance.} Ne3+ 45. Kh2) 44... Qxf1 $17 45. Ra2 Qc4 46. Rg2 Qxc5 47. g4 Qe3 48. Rg3 Qe4 49. h4 f5 50. gxf5 Qc2+ ({Don't play} 50... gxf5 51. Rg5 Qe2+ 52. Kg3 Qe3+ 53. Kh2 Qe2+ 54. Kg3 Qd3+ 55. Kf2 Qd2+ 56. Kg1 Qd1+ 57. Kh2 Qe2+ $11) 51. Rg2 Qxf5 52. Rg5 1/2-1/2

[Event "Czech Extraliga 2024-25"]
[Site "Czechia"]
[Date "2024.11.03"]
[Round "2.3"]
[White "Vykouk, Jan"]
[Black "Bouska, Jiri"]
[Result "1/2-1/2"]
[ECO "A14"]
[WhiteElo "2473"]
[BlackElo "2227"]
[Annotator "TA"]
[PlyCount "53"]
[EventDate "2024.09.12"]
[EventType "team-tourn"]
[EventCountry "CZE"]
[SourceTitle "playchess.com"]
[Source "ChessBase"]
[SourceQuality "1"]
[TimeControl "40/5400+30:1800+30"]

1. c4 e6 2. g3 Nf6 3. Bg2 d5 4. Nf3 Be7 5. b3 d4 6. O-O O-O 7. e3 c5 8. Ne5 {[%emt 0:08:34] Prevents Nc6} Qc7 9. f4 Nfd7 {[%emt 0:09:14] The position is equal.} 10. Nd3 Nc6 11. Na3 a6 12. Nc2 b5 13. cxb5 axb5 14. exd4 cxd4 15. Bb2 Bb7 16. Qe2 Qb6 17. b4 Bf6 18. Qf2 Rac8 19. Rac1 Rfd8 20. a3 Ba8 21. Na1 e5 (21... Qa7 $142) 22. Rfe1 exf4 23. gxf4 (23. Qxf4 $11 Rb8 24. Nb3) 23... Qa7 {[%emt 0:05:59] next ...Nb6 is good for Black.} 24. Nb3 Nb6 {[%emt 0:02:07] aiming for ...Nc4.} 25. Nxd4 Nxd4 26. Bxd4 Bxd4 27. Qxd4 {[%emt 0:00:06] Weighted Error Value: White=0.19 (very precise) /Black=0.14 (very precise) .  Mistake:       	White=2     	Black=1      Inaccurate:     	White=1     	Black=4      OK:         	White=4     	Black=3      Best:        	White=1     	---} 1/2-1/2

[Event "Czech Extraliga 2024-25"]
[Site "Czechia"]
[Date "2024.11.03"]
[Round "2.3"]
[White "Cyborowski, Lukasz"]
[Black "Hracek, Zbynek"]
[Result "1/2-1/2"]
[ECO "D40"]
[WhiteElo "2454"]
[BlackElo "2541"]
[Annotator "TA"]
[PlyCount "29"]
[EventDate "2024.09.12"]
[EventType "team-tourn"]
[EventCountry "CZE"]
[SourceTitle "playchess.com"]
[Source "ChessBase"]
[SourceQuality "1"]
[TimeControl "40/5400+30:1800+30"]

1. Nf3 d5 2. d4 Nf6 3. c4 dxc4 4. e3 e6 5. Bxc4 c5 6. O-O Nc6 7. Nc3 a6 8. dxc5 Qxd1 9. Rxd1 Bxc5 10. a3 O-O 11. b4 {[%emt 0:01:35] The position is equal.} Be7 12. Bb2 b5 13. Be2 Bb7 14. Rac1 Rfd8 15. Kf1 {[%emt 0:01:28] An uneventful encounter.   Weighted Error Value: White=0.03 (flawless) /Black=0.00 (flawless) .  OK:         	White=2     	Black=3} 1/2-1/2

[Event "Czech Extraliga 2024-25"]
[Site "Czechia"]
[Date "2024.11.03"]
[Round "2.3"]
[White "Straka, Vojtech"]
[Black "Krejci, Jan"]
[Result "0-1"]
[ECO "A18"]
[WhiteElo "2424"]
[BlackElo "2526"]
[Annotator "TA"]
[PlyCount "124"]
[EventDate "2024.09.12"]
[EventType "team-tourn"]
[EventCountry "CZE"]
[SourceTitle "playchess.com"]
[Source "ChessBase"]
[SourceQuality "1"]
[TimeControl "40/5400+30:1800+30"]

1. c4 Nf6 2. Nc3 e6 3. e4 d5 4. e5 d4 5. exf6 dxc3 6. bxc3 Qxf6 {[%emt 0:00:02] A18: English Opening: Flohr-Mikenas System (1 c4 Nf6 2 Nc3 e6 3 e4).} 7. Bd3 Bd7 8. Be4 Qe5 $146 ({Predecessor:} 8... Bc6 9. Bxc6+ Nxc6 10. d4 Qg6 11. Nf3 Qxg2 12. Rg1 Qh3 13. Rb1 Qf5 14. Rxb7 Nxd4 {1-0 Bernabeu Lopez,C (2413)-Arias Rodriguez,S (1990) Oviedo op 10th 2024 (2)}) 9. f3 c5 10. Ne2 Qc7 11. d4 Bd6 12. Rb1 Nc6 13. Be3 Na5 14. dxc5 Bxc5 15. Bxc5 Qxc5 16. Qd4 Qxd4 17. cxd4 f5 18. Bd3 b6 19. Kd2 Rc8 20. Rhc1 Ke7 21. Rc3 Rc7 22. Rbc1 Rd8 23. c5 bxc5 24. Rxc5 Rxc5 25. Rxc5 Nc6 26. Ke3 Rb8 27. Rb5 Rxb5 28. Bxb5 Nb4 29. Bc4 Bc6 30. Nf4 g5 31. Ne2 (31. Nxe6 $2 Bd5 32. Nxg5 Bxc4 33. Nxh7 Nd5+ (33... Nxa2 $2 34. Kd2 $19) 34. Kd2 Bxa2 $19) 31... Kd6 32. Kd2 Bd5 33. Bxd5 Nxd5 34. g3 Kc6 35. Nc1 Kb5 36. Nb3 (36. Nd3 $1 $11) 36... Kc4 (36... Kb4 $1 $15) 37. Nc5 {[%emt 0:00:02] [#]} (37. Na5+ $1 $11 {was the only way to keep the balance.} Kxd4 38. Nc6+ Kc5 39. Nxa7) 37... Nc7 $1 $17 (37... Kxd4 38. Nxe6+ Kc4 39. Nxg5 $16) 38. Ke3 (38. Nb7 $17 {was called for.}) 38... e5 $1 $19 39. Nd7 exd4+ 40. Kd2 Ne6 41. Nf6 h6 42. Ng8 $2 (42. Nd7) 42... h5 (42... d3 $142 43. f4 Nd4 (43... gxf4 $2 44. gxf4 Nc5 45. Ne7 $19)) 43. Ne7 $2 (43. Nh6 g4 44. f4) 43... f4 $19 44. gxf4 Nxf4 45. Nc8 Nh3 46. Nd6+ Kd5 47. Nf7 a5 48. a4 Kc5 49. Ne5 Nf4 50. Kc2 Kd5 51. Nf7 Ne6 52. Kb3 h4 53. Kc2 Kc4 54. Ne5+ Kc5 55. Kb3 Kd5 56. Nf7 Nc5+ 57. Kc2 Nxa4 58. Nxg5 Nc5 59. f4 a4 60. Nf3 Ke4 (60... d3+ $142 61. Kc3 Ke4 62. Ne5 Kxf4 63. Nc4 Kf3 64. Nd2+ Ke2 65. Nb1 a3 66. Nxa3 d2 67. Kc4 d1=Q (67... d1=R $2 68. h3 $19) 68. Nb5 Qc1+ 69. Kd5 Nb3 70. Nd6 Qc5+ 71. Ke6 Nd4+ (71... Qf2 72. h3 Qe3+ 73. Kd7 Qxh3+ 74. Kc7 Qf3 75. Kd7 h3 76. Ke7 h2 77. Nf7 h1=Q 78. Ng5 Qb7+ 79. Kf6 Qh6+ 80. Ke5 Qxg5+ 81. Ke6 Qbe7#) 72. Kd7 Qc6+ 73. Ke7 Qc7+ 74. Ke8 Qxd6 75. Kf7 Qe6+ (75... Qxh2 {is a self mate.} 76. Ke7 Qe5+ 77. Kd7 h3 78. Kd8 h2 79. Kd7 h1=Q 80. Kc8 Qa8+ 81. Kd7 Qae8#) 76. Kg7 Nf5+ 77. Kh7 Qh6+ 78. Kg8 Qg7#) 61. Nxh4 d3+ 62. Kc3 a3 ({Worse is} 62... Kxf4 63. Ng2+ Kf5 64. Ne1 $11) 0-1

[Event "Czech Extraliga 2024-25"]
[Site "Czechia"]
[Date "2024.11.03"]
[Round "2.4"]
[White "Ragger, Markus"]
[Black "Stalmach, Richard"]
[Result "1/2-1/2"]
[ECO "E08"]
[WhiteElo "2579"]
[BlackElo "2444"]
[Annotator "TA"]
[PlyCount "121"]
[EventDate "2024.09.12"]
[EventType "team-tourn"]
[EventCountry "CZE"]
[SourceTitle "playchess.com"]
[Source "ChessBase"]
[SourceQuality "1"]
[TimeControl "40/5400+30:1800+30"]

1. d4 Nf6 2. c4 e6 3. g3 d5 4. Bg2 Bb4+ 5. Bd2 Be7 6. Nf3 O-O 7. O-O c6 8. Qc2 Nbd7 9. Bf4 a5 10. Rd1 a4 11. h4 h6 12. Nbd2 {[%emt 0:02:21] White has an edge.} Nh5 13. e3 Kh8 14. Rac1 Rg8 15. Be5 f6 16. Qg6 {[%emt 0:00:20] [#] Intending Ng5 and mate.} fxe5 17. Qxh5 e4 18. Ng5 {[%emt 0:04:04] And now Nf7+ would win.} Nf6 19. Nf7+ Kh7 20. Nxd8 Nxh5 21. Nf7 g5 22. hxg5 hxg5 23. Bf1 Kg7 24. Ne5 Bd6 25. Be2 Nf6 26. f4 exf3 27. Ndxf3 {[%emt 0:00:17] Excellent horsemanship.} Nd7 28. Kg2 Nxe5 29. Nxe5 Ra5 30. c5 Bxe5 31. dxe5 {[%emt 0:00:01] With the idea Rf1.} Bd7 32. Rd4 Be8 33. Rb4 Ra7 34. Bd3 Rf8 $1 35. Rf1 Rxf1 36. Kxf1 $11 {[%emt 0:00:01][%mdl 4096] Endgame. KRB-KRB} Bg6 37. Ke2 Bxd3+ 38. Kxd3 {[%emt 0:00:02] KR-KR} Kg6 39. e4 Ra5 40. Rxb7 Rxc5 41. Rb4 a3 42. bxa3 Kh5 43. a4 d4 44. Rc4 (44. Rxd4 Kg4 $11) 44... Rxe5 45. Rxc6 ({Reject} 45. Rxd4 Kg4 $11) (45. Kxd4 $16 Ra5 46. Kc3 (46. Rxc6 e5+ 47. Kc4 Rxa4+ 48. Kd5 Rxa2 $11)) 45... Kg4 {[%emt 0:00:06] The position is equal.} 46. Kxd4 Ra5 47. Rxe6 Rxa4+ 48. Ke5 Ra5+ 49. Kf6 Kxg3 50. e5 g4 51. Rb6 Rxa2 52. e6 Rf2+ 53. Kg5 Re2 54. Kf5 Kh3 55. Rb7 g3 56. Rh7+ Kg2 57. Rg7 Kf2 58. e7 g2 {[%emt 0:00:12][%cal Oe2e7] [#] aiming for ...Rxe7!} 59. Kf6 Rxe7 60. Rxg2+ Kxg2 61. Kxe7 {[%emt 0:09:36] Weighted Error Value: White=0.04 (flawless) /Black=0.05 (flawless) .  Mistake:       	White=1     	Black=1      Inaccurate:     	White=1     	Black=1      OK:         	White=20    	Black=33     Best:        	White=1     	Black=2      Strong:       	---       	Black=1} 1/2-1/2

[Event "Czech Extraliga 2024-25"]
[Site "Czechia"]
[Date "2024.11.03"]
[Round "2.4"]
[White "Dragnev, Valentin"]
[Black "Hollan, Martin"]
[Result "0-1"]
[ECO "B31"]
[WhiteElo "2566"]
[BlackElo "2347"]
[Annotator "TA"]
[PlyCount "80"]
[EventDate "2024.09.12"]
[EventType "team-tourn"]
[EventCountry "CZE"]
[SourceTitle "playchess.com"]
[Source "ChessBase"]
[SourceQuality "1"]
[TimeControl "40/5400+30:1800+30"]

1. e4 c5 2. Nf3 Nc6 3. Bb5 g6 4. O-O Bg7 5. Re1 e5 6. Bxc6 bxc6 7. c3 Ne7 8. d4 cxd4 9. cxd4 exd4 10. Nxd4 O-O 11. Nc3 Rb8 12. Nb3 d6 (12... Qc7 $11) 13. Bf4 $16 Be5 14. Bxe5 dxe5 {[%emt 0:00:26] White is better.} 15. Qc2 Qd6 {[%emt 0:16:41] [#]} 16. Na4 $1 Be6 {[%emt 0:07:35] [#]} 17. Nbc5 $1 Rb4 18. Rad1 Rd4 19. Rxd4 exd4 20. b3 Rd8 21. Nb2 Bc8 22. Nbd3 g5 (22... Kg7 $16 23. Qc4 Qb8) 23. Qd2 $18 h6 24. Qa5 {[%emt 0:06:14][%cal Oe4e5] aiming for e5!} Ng6 25. Qxa7 Nh4 (25... Be6 {was worth a try.} 26. e5 Qe7 27. Qxe7 Nxe7) 26. e5 Qg6 27. Qc7 Re8 28. Qd6 Bf5 29. Qxg6+ Nxg6 30. a4 Nf4 (30... Rb8 $16 {keeps fighting.}) 31. Nb4 $2 {[%emt 0:00:45] Excellent horsemanship.} (31. Nxf4 $18 gxf4 32. f3) 31... d3 $15 {[%emt 0:01:39] ...d2 would now be deadly.} 32. e6 $2 {[%emt 0:20:53] This move loses the game for White.} ({Better is} 32. Nxc6 $15 Ne2+ 33. Kh1 (33. Kf1 Nc3 $19)) 32... d2 $19 33. Rd1 Nxe6 34. Nd7 Kg7 {[%emt 0:00:24] Repels Nf6. ...Nd4 is the strong threat.} 35. Ne5 $2 (35. Nxc6 $2 {perishes.} Nd4 36. Nde5 Nxc6 $19 (36... Nxb3 $2 37. f4 $19)) (35. Rxd2 Nc5 (35... Nf8 $2 36. h4 $19) 36. h4 Bxd7 (36... Nxd7 $2 37. hxg5 c5 38. gxh6+ Kxh6 39. Nc6 $19) 37. hxg5 hxg5 (37... Nxb3 38. gxh6+ Kxh6 39. Rxd7 $16) (37... Re1+ $2 38. Kh2 $19) 38. a5) 35... Nd4 {[%emt 0:00:58][%csl LRb3,LRe5] Black is clearly winning.} 36. f4 Nxb3 {[%emt 0:00:29] Threatens to win with ...c5.} 37. Kf2 c5 38. g4 Bh7 39. Nbd3 {[%emt 0:00:56] [#]} c4 $1 40. a5 (40. f5 c3) 40... Bxd3 {[%emt 0:00:57] Weighted Error Value: White=0.80/Black=0.23 (precise) .  Loses game:     	White=1     	---        Missed win:     	White=1     	---        Mistake:       	White=1     	Black=3      Inaccurate:     	White=2     	---        OK:         	White=7     	Black=9      Best:        	White=1     	Black=3      Strong:       	White=2     	---} 0-1